 Dungeon Crawl Stone Soup version 0.25.1-2-g60ff931df9 (webtiles) character file.

Game seed: 17847639547373233859

2309 nikku the Thaumaturge (level 9, -1/45 HPs)
             Began as a Deep Elf Ice Elementalist on Nov 28, 2020.
             Was a Believer of Vehumet.
             Killed from afar by Erolcha (22 damage)
             ... with a stone arrow
             ... on level 9 of the Dungeon on Dec 3, 2020.
             The game lasted 00:28:50 (8888 turns).

nikku the Thaumaturge (Deep Elf Ice Elementalist)   Turns: 8888, Time: 00:28:51

Health: -1/45      AC:  0    Str: 13    XL:     9   Next: 18%
Magic:  22/23      EV: 16    Int: 21    God:    Vehumet [**....]
Gold:   465        SH:  0    Dex: 15    Spells: 11/24 levels left

rFire    + . .     SeeInvis .   x - +5 short sword of Hatred {elec, rF+ rC+ Str+5}
rCold    + . .     Gourm    .   (no shield)
rNeg     + . .     Faith    .   f - +0 leather armour
rPois    .         Spirit   .   (no helmet)
rElec    .         Reflect  .   (no cloak)
rCorr    .         Harm     .   v - +0 pair of gloves
MR       +....                  (no boots)
Stlth    ++........             o - amulet of magic regeneration
HPRegen  0.15/turn              h - ring of positive energy
MPRegen  0.43/turn              p - ring of protection from magic

@: corroded, frozen ramparts, lightly drained
A: no striking features
a: Renounce Religion


You were on level 9 of the Dungeon.
You worshipped Vehumet.
Vehumet was pleased with you.
You were not hungry.

You visited 2 branches of the dungeon, and saw 10 of its levels.

You collected 465 gold pieces.

Inventory:

Hand Weapons
 x - the +5 short sword of Hatred (weapon) {elec, rF+ rC+ Str+5}
   (You found it on level 8 of the Dungeon)

   Occasionally, upon striking a foe, it will discharge some electrical energy
   and cause terrible harm.
   It affects your strength (+5).
   It protects you from fire.
   It protects you from cold.
Missiles
 m - 39 poisoned darts (quivered)
Armour
 f - a +0 leather armour (worn)
 g - a +0 kite shield
 v - a +0 pair of gloves (worn)
Jewellery
 h - a ring of positive energy (left hand)
 j - an uncursed ring of resist corrosion
 o - an amulet of magic regeneration (around neck)
 p - a ring of protection from magic (right hand)
Wands
 b - a wand of random effects (25)
 l - a wand of iceblast (10)
Scrolls
 r - a scroll of acquirement {unknown}
 t - a scroll of blinking
 u - a scroll of remove curse
Potions
 a - a potion of flight
 d - 2 potions of heal wounds
 e - a potion of might
 i - 2 potions of haste
 k - 2 potions of brilliance
 n - 2 potions of stabbing
 s - 2 potions of ambrosia
Comestibles
 c - 16 rations
 q - 5 chunks of flesh


   Skills:
 + Level 7.4(7.2) Dodging
 - Level 2.4(2.2) Stealth
 + Level 8.2(8.0) Spellcasting
 + Level 4.9(4.8) Conjurations
 + Level 4.8(4.7) Summonings
 + Level 1.7(1.5) Fire Magic
 + Level 7.8(7.7) Ice Magic


You had 11 spell levels left.
You knew the following spells:

 Your Spells              Type           Power        Failure   Level  Hunger
a - Freeze                Ice            ####         1%          1    None
b - Hailstorm             Conj/Ice       ####....     8%          4    ###....
c - Frozen Ramparts       Ice            #####.       1%          3    None
d - Summon Ice Beast      Ice/Summ       ####....     8%          4    ###....
e - Foxfire               Conj/Fire      ###.         2%          1    None

Your spell library contained the following spells:

 Spells                   Type           Power        Failure   Level  Hunger
 Searing Ray              Conj           ####..       1%          2    None
 Ozocubu's Armour         Chrm/Ice       ###.....     6%          3    None
 Beastly Appendage        Tmut           #.....       10%         1    None
 Sticks to Snakes         Tmut           #.......     16%         2    None
 Ice Form                 Ice/Tmut       ###.....     21%         4    ###....
 Spider Form              Tmut/Pois      #.........   30%         3    None
 Blade Hands              Tmut           #.........   95%         5    #####..


Dungeon Overview and Level Annotations

Branches:
Dungeon (9/15)             Temple (1/1) D:4
   Lair: D:8-11         Orc: D:9-12

Altars:
Ashenzari
Cheibriados
Dithmenos
Fedhas
Gozag
Hepliaklqana
Kikubaaqudgha
Makhleb
Nemelex Xobeh
Okawaru
Qazlal
Ru
Sif Muna
Trog
Uskayaw
Vehumet
Wu Jian
Xom
Yredelemnul
Zin
The Shining One

Shops:
D:7 *

Annotations:
D:5 2 transporters, 15bullets's ghost, novice GrFi
D:9 Erolcha; Psyche


Message History

Nothing appears to happen.
The foxfire hits something.
Casting: Foxfire (safe; 2% risk of failure)
Confirm with . or Enter, or press ? or * to list all spells.
The walls around you are covered in ice.
You feel much better.
The wall freezes something!
Your foxfire dissipates!
The wall freezes something.
A puff of flame appears from out of thin air!
The puff of flame hits something.
The wall freezes something.
The wall freezes something!
You hear some strange, mumbled words.
Something tries to affect you, but you resist.
A puff of frost appears from out of thin air!
The puff of frost hits something.
The wall freezes something!
You see here a bullfrog skeleton.
The wall freezes something. x2
You hear some strange, mumbled words.
A stone arrow appears from out of thin air!
The stone arrow hits you!!
You die...

######### ########
#.......# ####......#
#.......# ##..'......#
#.......#####รท@##......#
###.....{.'...{.###......#
..'.......####### #......#
.##.......# #......#
.##.......# #......#
#######+### #......# ..
##..#### #. ##.#### #.#
#.....#


There were no monsters in sight!

Vanquished Creatures
  Joseph (D:7)
  A hippogriff (D:7)
  A spriggan (D:7)
  2 ice beasts (D:7)
  An orc warrior (D:5)
  A sky beast (D:7)
  A phantom (D:8)
  An ogre (D:4)
  A centaur (D:6)
  4 bullfrogs
  A big kobold (D:7)
  A scorpion (D:8)
  A howler monkey (D:6)
  A jelly (D:7)
  2 orc priests
  A hound (D:4)
  2 orc wizards
  Jessica (D:3)
  An iguana (D:5)
  7 worker ants
  A howler monkey zombie (D:7)
  A gnoll (D:2)
  8 adders
  4 shadow imps
  An ooze (D:2)
  An adder skeleton (D:6)
  2 worms
  2 dart slugs (D:3)
  4 leopard geckos
  17 orcs
  8 bats
  5 giant cockroaches
  5 goblins
  12 hobgoblins
  21 jackals
  3 quokkas
  3 frilled lizards
  A jackal skeleton (D:4)
  9 kobolds
  2 leopard gecko skeletons
  2 rats (D:3)
144 creatures vanquished.

Vanquished Creatures (others)
  A quokka (D:9)
  183 foxfires
184 creatures vanquished.

Grand Total: 328 creatures vanquished

Notes
Turn   | Place    | Note
-------+----------+-------------------------------------------
     0 | D:1      | nikku the Deep Elf Ice Elementalist began the quest for the
                  | Orb.
     0 | D:1      | Reached XP level 1. HP: 10/10 MP: 6/6
   301 | D:1      | Reached XP level 2. HP: 10/15 MP: 5/8
  1120 | D:2      | Reached XP level 3. HP: 19/19 MP: 6/10
  1125 | D:2      | Learned a level 3 spell: Frozen Ramparts
  1413 | D:2      | Reached skill level 4 in Spellcasting
  1413 | D:2      | Reached skill level 5 in Ice Magic
  1521 | D:2      | Found a shadowy altar of Dithmenos.
  1521 | D:2      | Found a stormy altar of Qazlal.
  1562 | D:2      | Found a burning altar of Makhleb.
  1563 | D:2      | Found a shimmering altar of Xom.
  1743 | D:2      | Reached XP level 4. HP: 16/24 MP: 6/12
  1945 | D:2      | You fall into a shaft and drop 2 floors!
  1945 | D:4      | Found a staircase to the Ecumenical Temple.
  1953 | Temple   | Entered the Ecumenical Temple
  2165 | Temple   | Became a worshipper of Vehumet
  2353 | D:4      | Noticed an ogre
  2358 | D:4      | Killed an ogre
  2358 | D:4      | Reached skill level 5 in Spellcasting
  2358 | D:4      | Reached XP level 5. HP: 3/28 MP: 4/14
  2417 | D:4      | Found an ancient bone altar of Kikubaaqudgha.
  2706 | D:4      | Found a blossoming altar of Fedhas.
  2812 | D:3      | Found an ornate altar of the Wu Jian Council.
  3307 | D:3      | Learned a level 4 spell: Hailstorm
  3312 | D:3      | Learned a level 4 spell: Summon Ice Beast
  3563 | D:3      | Noticed Jessica
  3577 | D:3      | Killed Jessica
  3577 | D:3      | Reached XP level 6. HP: 32/32 MP: 12/16
  3933 | D:4      | Reached * piety under Vehumet
  3933 | D:4      | Offered knowledge of Sandblast by Vehumet.
  4354 | D:5      | Entered Level 5 of the Dungeon
  4382 | D:5      | Reached skill level 5 in Dodging
  4382 | D:5      | Reached skill level 1 in Conjurations
  4382 | D:5      | Reached skill level 1 in Summonings
  4530 | D:5      | Noticed an orc warrior
  4542 | D:5      | Killed an orc warrior
  4696 | D:5      | Noticed 15bullets's ghost (novice GrFi)
  4782 | D:5      | Reached XP level 7. HP: 29/36 MP: 14/17
  5014 | D:5      | Found a hide-covered altar of Uskayaw.
  5023 | D:5      | Found a shattered altar of Ashenzari.
  5089 | D:5      | Found a transporter.
  5102 | D:5      | Reached skill level 6 in Spellcasting
  5123 | D:5      | Found a transporter.
  5387 | D:6      | Found a shimmering blue altar of Sif Muna.
  5387 | D:6      | Found a basalt altar of Yredelemnul.
  6675 | D:7      | Reached ** piety under Vehumet
  6675 | D:7      | Offered knowledge of Foxfire by Vehumet.
  6678 | D:7      | Learned a level 1 spell: Foxfire
  6743 | D:7      | Noticed a hippogriff
  6753 | D:7      | Killed a hippogriff
  6753 | D:7      | Reached XP level 8. HP: 32/41 MP: 13/20
  6839 | D:7      | Reached skill level 7 in Spellcasting
  6988 | D:7      | Found Wotaehosh's General Store.
  7056 | D:7      | Noticed Joseph
  7069 | D:7      | Killed Joseph
  7468 | D:7      | Reached skill level 8 in Spellcasting
  7710 | D:8      | Reached skill level 1 in Fire Magic
  7710 | D:8      | Reached XP level 9. HP: 41/45 MP: 17/23
  7916 | D:8      | Offered knowledge of Searing Ray by Vehumet.
  8595 | D:8      | Got a transparent short sword
  8596 | D:8      | Identified the +5 short sword of Hatred {elec, rF+ rC+
                  | Str+5} (You found it on level 8 of the Dungeon)
  8856 | D:9      | Noticed Psyche
  8857 | D:9      | Noticed Erolcha
  8888 | D:9      | Killed from afar by Erolcha

Illustrated notes

Levels and vault maps discovered:
D:1:      dpeg_arrival_windows_large_door, layout_basic,
          chequers_serial_rivers_small_a
D:2:      layout_loops_ring, chequers_temple_overflow_statue_of_worship,
          amethyst_overflow_temple_binary, cheibrodos_gnoll_hut
D:3:      layout_loops_ring, lemuel_crystal_altar, first_ration, uniq_jessica
D:4:      layout_rooms, grunt_temple_overflow_growth_and_decay,
          minmay_temple_entry_waves, hangedman_abyss_or_decor_stabs
D:5:      layout_loops_ring, minitemple, gammafunk_ghost_stat_death,
          guppyfry_early_orc_mine
D:6:      layout_gridville, gammafunk_temple_overflow_elements
D:7:      layout_gridville, serial_shops, shop_statue, the_bakery,
          chequers_serial_rivers_micro_b, uniq_joseph
D:8:      layout_basic
D:9:      layout_roguey, elyvilon_altar_4, nicolae_qazlal_style_of_elements,
          uniq_psyche, uniq_erolcha
Temple:   dpeg_chambers_temple

Skill      XL: |  1  2  3  4  5  6  7  8 |
---------------+-------------------------+-----
Dodging        | 3 4 5 6 7 |  7.4
Spellcasting   | 4 5 6 8 |  8.2
Ice Magic      | 5 6 7 |  7.8
Conjurations   | 1 3 4 |  4.9
Summonings     | 1 3 4 |  4.8
Fire Magic     | 1 |  1.7
Stealth        | |  2.4

Action                   |  1- 3 |  4- 6 |  7- 9 || total
-------------------------+-------+-------+-------++-------
Melee: Unarmed           |     1 |       |       ||     1
       Short sword       |     4 |       |       ||     4
       Mace              |       |     5 |    17 ||    22
Throw: Stone             |    10 |    18 |       ||    28
       Dart              |       |    31 |    39 ||    70
 Cast: Freeze            |    44 |    48 |    48 ||   140
       Frozen Ramparts   |     3 |    24 |    29 ||    56
       Foxfire           |       |       |   126 ||   126
  Use: Scroll            |     6 |     4 |     7 ||    17
       Potion            |       |       |     1 ||     1
 Stab: Sleeping          |       |       |     1 ||     1
  Eat: Chunk             |     2 |    11 |     7 ||    20
       Ration            |       |       |     2 ||     2
Armor: Robe              |     6 |     6 |       ||    12
       Leather armour    |       |     1 |    14 ||    15
Dodge: Dodged            |    20 |    33 |    51 ||   104
